 Dungeon Crawl Stone Soup version 0.31-a0-995-g04711c9635 (webtiles) character file.

Game seed: 15461052668505913425

2277 Arzdou the Chopper (level 9, -1/73 (74) HPs)
             Began as a Gnoll Cinder Acolyte on Nov 7, 2023.
             Was a High Priest of Ignis.
             Slain by a mummy (11 damage)
             ... in an ossuary.
             The game lasted 00:13:13 (8227 turns).

Arzdou the Chopper (Gnoll Cinder Acolyte)           Turns: 8227, Time: 00:13:13

HP:   -1/73 (74)    AC: 11    Str: 15    XL:     9   Next: 39%
MP:   15/16         EV: 10    Int: 15    God:    Ignis [*****.]
Gold: 242           SH:  8    Dex:  9    Spells: 16/18 levels left

rFire   + + .        a - +0 hand axe (flame)
rCold   . . .        A - +0 kite shield
rNeg    . . .        i - +0 leather armour
rPois   .            o - +1 helmet
rElec   .            r - +0 cloak
rCorr   .            f - +2 pair of gloves "Vimpack" {rF+ Stlth+}
SInv    .            p - +0 pair of boots
Will    .....        (no amulet)
Stlth   +++          (no ring)
HPRegen 0.32/turn    (no ring)
MPRegen 0.15/turn

%: no passive effects
@: studying Maces & Flails, lightly drained
A: fangs 1, strong nose, distributed training
a: Renounce Religion, Fiery Armour, Foxfire Swarm, Rising Flame


You were in an ossuary.
You worshipped Ignis.
Ignis was extremely pleased with you.
You visited 2 branches of the dungeon, and saw 8 of its levels.
You also visited: Ossuary.

You collected 242 gold pieces.

Inventory:

Hand Weapons
 a - a +0 hand axe of flaming (weapon)
Missiles
 e - 2 poisoned darts
 s - 2 throwing nets
Armour
 b - a +0 robe
 c - a scarf of shadows
 f - the +2 pair of gloves "Vimpack" (worn) {rF+ Stlth+}
   (You found it on level 2 of the Dungeon)

   rF+:       It protects you from fire.
   Stlth+:    It makes you more stealthy.
 i - a +0 leather armour (worn)
 o - a +1 helmet (worn)
 p - a +0 pair of boots (worn)
 r - a +0 cloak (worn)
 A - a +0 kite shield (worn)
Jewellery
 v - a ring of magical power
Wands
 x - a wand of roots (9)
 B - a wand of paralysis (15)
Scrolls
 d - 2 scrolls of poison
 g - a scroll of teleportation
 j - a scroll of fog
 k - 4 scrolls of torment
 z - a scroll of noise
Potions
 h - a potion of heal wounds {unknown}
 l - a potion of brilliance {unknown}
 m - a potion of attraction {unknown}
 n - a potion of magic {unknown}
 t - a potion of cancellation {unknown}
 u - a potion of haste {unknown}
 C - 2 potions of enlightenment


   Skills:
 + Level 7.9 Fighting
 + Level 4.2 Short Blades
 + Level 4.2 Long Blades
 + Level 7.9 Axes
 + Level 5.2 Maces & Flails
 + Level 4.2 Polearms
 + Level 4.2 Staves
 + Level 4.2 Ranged Weapons
 + Level 4.2 Throwing
 + Level 4.2 Armour
 + Level 4.2 Dodging
 + Level 4.2 Stealth
 + Level 4.2 Shields
 + Level 4.2 Unarmed Combat
 + Level 5.2 Spellcasting
 + Level 3.5 Conjurations
 + Level 3.5 Hexes
 + Level 3.5 Summonings
 + Level 3.5 Necromancy
 + Level 3.5 Translocations
 + Level 3.5 Transmutations
 + Level 6.5 Fire Magic
 + Level 3.5 Ice Magic
 + Level 3.5 Air Magic
 + Level 3.5 Earth Magic
 + Level 3.5 Poison Magic
 + Level 4.7 Invocations
 + Level 4.2 Evocations
 + Level 3.9 Shapeshifting


You had 16 spell levels left.
You knew the following spells:

 Your Spells              Type           Power      Damage    Failure   Level
a - Scorch                Fire           46%        2d6       6%          2

Your spell library contained the following spells:

 Spells                   Type           Power      Damage    Failure   Level
 Ensorcelled Hibernation  Hex/Ice        28%        N/A       22%         2
 Passwall                 Tmut/Erth      11%        N/A       22%         2
 Swiftness                Air            14%        N/A       38%         3
 Alistair's Intoxication  Tmut/Pois      9%         N/A       98%         5
 Borgnjor's Vile Clutch   Necr/Erth      7%         N/A       98%         5
 Eringya's Noxious Bog    Tmut/Pois      7%         4d6       100%        6


Dungeon Overview and Level Annotations

Branches:
Dungeon (7/15)             Temple (1/1) D:4         Ossuary (1/1)

Altars:
Dithmenos
Elyvilon
Fedhas
Gozag
Hepliaklqana
Kikubaaqudgha
Makhleb
Nemelex Xobeh
Okawaru
Qazlal
Ru
Sif Muna
Uskayaw
Vehumet
Wu Jian
Yredelemnul
Zin
The Shining One

Annotations:
D:3 Grinder
D:5 2 transporters


Innate Abilities, Weirdness & Mutations

You have very sharp teeth.
Your uncanny sense of smell can sniff out nearby items.
Your experience applies equally to all skills.


Message History

You destroy the mummy!
You hit the hobgoblin zombie. You burn the hobgoblin zombie.
You block the hobgoblin zombie's attack.
You hit the hobgoblin zombie but do no damage.
The hobgoblin zombie is moderately damaged.
You block the hobgoblin zombie's attack.
You hit the mummy. You burn the mummy.
You destroy the mummy!
You hit the hobgoblin zombie. You burn the hobgoblin zombie.
You are too injured to fight recklessly!
Casting: Scorch (safe; 6% risk of failure)
Press: ? - help, Q - select action, (/) - cycle Dir - look around, f - activate Flames lash the mummy.
The mummy is burned terribly!
The mummy is moderately damaged.
The mummy's fire resistance burns away.
The hobgoblin zombie hits you but does no damage.
You hit the mummy but do no damage. Your bite misses the mummy.
The mummy is moderately damaged.
You hit the hobgoblin zombie. You burn the hobgoblin zombie.
You destroy the hobgoblin zombie!
The mummy closely misses you.
You hit the mummy. You burn the mummy. You bite the mummy, but do no damage.
The mummy is heavily damaged.
You barely miss the mummy. You block the mummy's attack.
You hit the mummy but do no damage.
The mummy is heavily damaged.
You slash the mummy! You burn the mummy. The mummy hits you.
* * * LOW HITPOINT WARNING * * *
You completely miss the mummy.
The mummy is heavily damaged.
You barely miss the mummy.
The mummy is no longer more vulnerable to fire.
The mummy closely misses you. The mummy barely misses you.
You slash the mummy! You burn the mummy.
You destroy the mummy!
You barely miss the mummy. You barely miss the mummy.
The mummy is heavily damaged.
The mummy hits you!
You die...

##..............##
#+##........##+#
##......##
##....## #....# ∆
∆∆∆ #....# ∆∆∆ ∆∆∆
#....# ∆∆ ∆∆
#.M..# ∆∆∆ ∆ ∆
#@...# ∆∆ #....#
∆∆ ∆∆ #....# ∆∆ ∆∆
#.∩∩.# ∆∆ ######


You could see a mummy.

Vanquished Creatures
  A steam dragon (D:5)
  2 ice beasts (D:6)
  A black bear (D:6)
  2 ogres (D:6)
  A centaur (D:5)
  2 phantoms (D:4)
  3 scorpions
  A bullfrog (D:6)
  3 wights (D:7)
  5 killer bees (D:6)
  A howler monkey (D:2)
  3 hounds
  A gnoll bouda (D:5)
  An orc priest (D:4)
  2 sleepcaps
  A jelly (D:6)
  2 iguanas
  2 scorpion zombies (D:7)
  Ijyb (D:5)
  4 mummies (Ossuary)
  Robin (D:3)
  8 adders
  19 gnolls
  A shadow imp (D:6)
  3 white imps
  4 ufetubi (D:6)
  3 dart slugs
  8 orcs
  6 bats
  6 endoplasms
  2 giant cockroaches
  A gnoll zombie (Ossuary)
  17 goblins
  9 hobgoblins
  3 jackals (D:3)
  7 kobolds
  5 quokkas
  4 ball pythons
  6 frilled lizards
  6 hobgoblin zombies (Ossuary)
  An orc zombie (Ossuary)
  5 rats
164 creatures vanquished.

Notes
Turn   | Place    | Note
-------+----------+-------------------------------------------
     0 | D:1      | Arzdou the Gnoll Cinder Acolyte began the quest for the
                  | Orb.
     0 | D:1      | Reached XP level 1. HP: 23/23 MP: 4/4
   176 | D:1      | Reached XP level 2. HP: 28/29 MP: 5/5
   444 | D:1      | Learned a level 2 spell: Scorch
   554 | D:1      | Reached XP level 3. HP: 35/35 MP: 4/7
  1077 | D:2      | Identified the +2 pair of gloves "Vimpack" {rF+ Stlth+}
  1199 | D:2      | Reached skill level 1 in Invocations
  1272 | D:2      | Reached skill level 1 in Short Blades
  1272 | D:2      | Reached skill level 1 in Long Blades
  1272 | D:2      | Reached skill level 1 in Maces & Flails
  1272 | D:2      | Reached skill level 1 in Polearms
  1272 | D:2      | Reached skill level 1 in Staves
  1272 | D:2      | Reached skill level 1 in Ranged Weapons
  1272 | D:2      | Reached skill level 1 in Throwing
  1272 | D:2      | Reached skill level 1 in Armour
  1272 | D:2      | Reached skill level 1 in Dodging
  1272 | D:2      | Reached skill level 1 in Stealth
  1272 | D:2      | Reached skill level 1 in Shields
  1272 | D:2      | Reached skill level 1 in Unarmed Combat
  1272 | D:2      | Reached skill level 1 in Evocations
  1449 | D:2      | Reached skill level 1 in Conjurations
  1449 | D:2      | Reached skill level 1 in Hexes
  1449 | D:2      | Reached skill level 1 in Summonings
  1449 | D:2      | Reached skill level 1 in Necromancy
  1449 | D:2      | Reached skill level 1 in Translocations
  1449 | D:2      | Reached skill level 1 in Transmutations
  1449 | D:2      | Reached skill level 1 in Ice Magic
  1449 | D:2      | Reached skill level 1 in Air Magic
  1449 | D:2      | Reached skill level 1 in Earth Magic
  1449 | D:2      | Reached skill level 1 in Poison Magic
  1449 | D:2      | Reached skill level 1 in Shapeshifting
  1449 | D:2      | Reached XP level 4. HP: 41/41 MP: 3/8
  2385 | D:3      | Reached XP level 5. HP: 47/47 MP: 6/9
  2617 | D:3      | Noticed Robin
  2664 | D:3      | Killed Robin
  3245 | D:3      | Noticed Grinder
  3333 | D:4      | Noticed a phantom
  3346 | D:4      | Killed a phantom
  3347 | D:4      | Reached XP level 6. HP: 45/53 MP: 3/11
  3597 | D:4      | Found a staircase to the Ecumenical Temple.
  3610 | Temple   | Entered the Ecumenical Temple
  4042 | D:4      | Found a shimmering blue altar of Sif Muna.
  4042 | D:4      | Found a radiant altar of Vehumet.
  4250 | D:5      | Entered Level 5 of the Dungeon
  4323 | D:5      | Reached XP level 7. HP: 59/59 MP: 1/12
  4456 | D:5      | Identified the +1 ring mail of the Kangaroo {rPois Dex+4}
  4513 | D:5      | Noticed Ijyb
  4608 | D:5      | Found a transporter.
  4609 | D:5      | Found a transporter.
  5110 | D:5      | Found a burning altar of Makhleb.
  5336 | D:5      | Noticed a steam dragon
  5774 | D:5      | Killed a steam dragon
  5775 | D:5      | Reached XP level 8. HP: 67/67 MP: 2/14
  5870 | D:5      | Found a sacrificial altar of Ru.
  5888 | D:5      | Killed Ijyb
  7025 | D:6      | Reached XP level 9. HP: 68/73 MP: 7/16
  7411 | D:6      | Reached skill level 5 in Spellcasting
  7528 | D:6      | Paralysed by a gnoll for 2 turns
  7995 | D:7      | Reached skill level 5 in Maces & Flails
  8005 | D:7      | Found a sand-covered staircase.
  8140 | Ossuary  | Entered an ossuary
  8227 | Ossuary  | Slain by a mummy

Illustrated notes

Levels and vault maps discovered:
D:1:      roderic_octagonal_star, layout_basic
D:2:      layout_loops_corners, hangedman_decor_clover_reticule
D:3:      layout_loops_ring, chequers_mini_garden, minmay_diced_spiral,
          uniq_grinder, uniq_robin
D:4:      layout_loops_cross, gammafunk_temple_overflow_statue,
          minmay_temple_entry_wispy
D:5:      layout_basic, nicolae_ru_sacrificial_ziggurat,
          nicolae_overflow_crystal_walls, gammafunk_ghost_gnarly_gnolls,
          minmay_manual_moon, uniq_ijyb
D:6:      layout_basic
D:7:      layout_gridville, mainiacjoe_ossuary_entry_find_the_door
Temple:   eino_narrow_crystal_temple
Ossuary:  ossuary_tomb_3

Skill      XL: |  1  2  3  4  5  6  7  8  9 |
---------------+----------------------------+-----
Invocations    | 1 2 3 4 |  4.7
Short Blades   | 1 2 3 4 |  4.2
Long Blades    | 1 2 3 4 |  4.2
Maces & Flails | 1 2 3 4 5 |  5.2
Polearms       | 1 2 3 4 |  4.2
Staves         | 1 2 3 4 |  4.2
Ranged Weapons | 1 2 3 4 |  4.2
Throwing       | 1 2 3 4 |  4.2
Armour         | 1 2 3 4 |  4.2
Dodging        | 1 2 3 4 |  4.2
Stealth        | 1 2 3 4 |  4.2
Shields        | 1 2 3 4 |  4.2
Unarmed Combat | 1 2 3 4 |  4.2
Evocations     | 1 2 3 4 |  4.2
Spellcasting   | 3 4 5 |  5.2
Conjurations   | 1 2 3 |  3.5
Hexes          | 1 2 3 |  3.5
Summonings     | 1 2 3 |  3.5
Necromancy     | 1 2 3 |  3.5
Translocations | 1 2 3 |  3.5
Transmutations | 1 2 3 |  3.5
Ice Magic      | 1 2 3 |  3.5
Air Magic      | 1 2 3 |  3.5
Earth Magic    | 1 2 3 |  3.5
Poison Magic   | 1 2 3 |  3.5
Shapeshifting  | 1 2 3 |  3.9
Fighting       | 7 |  7.9
Axes           | 7 |  7.9
Fire Magic     | 6 |  6.5

Action                     |  1- 3 |  4- 6 |  7- 9 || total
---------------------------+-------+-------+-------++-------
  Melee: Hand axe          |    49 |    47 |   123 ||   219
         Bite              |       |     4 |    11 ||    15
         Punch             |       |       |     1 ||     1
   Cast: Scorch            |    21 |    64 |   127 ||   212
    Use: Scroll            |       |     7 |     8 ||    15
         Potion            |       |       |     1 ||     1
   Stab: Sleeping          |       |       |     1 ||     1
 Armour: Robe              |    35 |       |       ||    35
         Leather armour    |       |    43 |   154 ||   197
  Dodge: Dodged            |    16 |    37 |    92 ||   145
  Block: Kite shield       |       |       |    51 ||    51

Table legend: (Time is in decaauts)
 A = Elapsed time spent in this place.
 B = Non-inter-level travel time spent in this place.
 C = Inter-level travel time spent in this place.
 D = Time resting spent in this place.
 E = Time spent auto-exploring this place.
 F = Levels seen in this place.
 G = Mean time per level.
                   A        B        C        D        E       F      G
               +--------+--------+--------+--------+--------+-----+--------+
         Total |   8236 |   7835 |    401 |    709 |   5758 |   9 |  915.1 |
       Dungeon |   8144 |   7743 |    401 |    709 |   5757 |   7 | 1163.4 |
        Temple |      1 |      1 |      0 |      0 |      0 |   1 |    1.0 |
       Ossuary |     89 |     89 |      0 |      0 |      1 |   1 |   89.0 |
               +--------+--------+--------+--------+--------+-----+--------+

Top non-repeatable levels by time:
     D:6: 1769 daAuts
     D:4: 1493 daAuts
     D:2: 1407 daAuts
     D:5: 1390 daAuts
     D:1: 1003 daAuts
     D:3: 837 daAuts
     D:7: 244 daAuts
 Ossuary: 89 daAuts
  Temple: 1 daAuts
